 Dungeon Crawl Stone Soup version 0.23-a0-416-g33f1def (webtiles) character file.

3531 Prevert the Cleaver (level 9, -1/66 HPs)
             Began as a Demonspawn Fighter on Nov 10, 2018.
             Was a Priest of Makhleb.
             Succumbed to Grum's poison
             ... on level 8 of the Dungeon.
             The game lasted 00:31:35 (8836 turns).

Prevert the Cleaver (Demonspawn Fighter)            Turns: 8836, Time: 00:31:35

Health: -1/66      AC: 12    Str: 22    XL:     9   Next: 82%
Magic:  9/9        EV:  8    Int: 10    God:    Makhleb [***...]
Gold:   398        SH: 10    Dex: 13    Spells: 8/8 levels left

rFire    . . .     SeeInvis .   a - +0 war axe
rCold    . . .     Gourm    .   c - +0 shield
rNeg     + . .     Faith    .   h - +3 ring mail of the Sun {rElec rPois rN+}
rPois    +         Spirit   .   (helmet restricted)
rElec    +         Reflect  .   (no cloak)
rCorr    +         Harm     .   n - +0 pair of gloves
MR       .....                  (no boots)
Stlth    +.........             D - amulet of regeneration
HPRegen  0.61/turn              p - ring of resist corrosion
MPRegen  0.11/turn              t - +3 ring of strength

@: lethally poisoned (-1 -> -21)
A: antennae 1, thin metallic scales 1, powered by death 1, spiny 1
a: Minor Destruction, Lesser Servant of Makhleb, Renounce Religion


You were on level 8 of the Dungeon.
You worshipped Makhleb.
Makhleb was most pleased with you.
You were not hungry.

You visited 2 branches of the dungeon, and saw 9 of its levels.

You collected 398 gold pieces.

Inventory:

Hand Weapons
 a - a +0 war axe (weapon)
 s - a +0 trident
 B - the cursed +1 spear "Xuluidut" {freeze, Dex+7, unknown}
   (You found it on level 8 of the Dungeon)

   It has been specially enchanted to freeze those struck by it, causing extra
   injury to most foes and up to half again as much damage against particularly
   susceptible opponents.
   It can also slow down cold-blooded creatures.
   It affects your dexterity (+7).
   It has a curse placed upon it.
Missiles
 H - 2 throwing nets (quivered)
Armour
 c - a +0 shield (worn)
 h - the +3 ring mail of the Sun (worn) {rElec rPois rN+}
   (You found it on level 5 of the Dungeon)

   It insulates you from electricity.
   It protects you from poison.
   It protects you from negative energy.
 n - a +0 pair of gloves (worn)
 J - a +0 chain mail
Jewellery
 j - an uncursed ring of fire
 p - a ring of resist corrosion (left hand)
 t - a +3 ring of strength (right hand)
 u - an uncursed ring of stealth
 y - an uncursed ring of see invisible
 D - an amulet of regeneration (around neck)
Wands
 w - a wand of flame (29)
 C - a wand of iceblast (20)
 I - a wand of acid (12)
 L - a wand of paralysis (11)
Scrolls
 e - a scroll of enchant weapon {unknown}
 g - 3 scrolls of identify {unknown}
 i - a scroll of fear {unknown}
 k - a scroll of remove curse {unknown}
 l - a scroll of amnesia {unknown}
 m - 2 scrolls of fog {unknown}
 A - a scroll of immolation {unknown}
 F - a scroll of teleportation {unknown}
 K - a scroll of magic mapping {unknown}
Potions
 d - 2 potions of might
 o - 2 potions of cancellation
 q - 2 potions of lignification {unknown}
 r - 3 potions of curing {unknown}
 v - a potion of berserk rage {unknown}
 x - a potion of brilliance {unknown}
 z - a potion of invisibility {unknown}
 E - a potion of degeneration {unknown}
 G - a potion of magic {unknown}
Comestibles
 b - 11 chunks of flesh
 f - 13 rations


   Skills:
 - Level 4.3 Fighting
 + Level 9.6 Axes
 - Level 0.3 Throwing
 + Level 6.6 Armour
 + Level 6.2 Shields
 + Level 0.1 Evocations


You had 8 spell levels left.
You didn't know any spells.
Your spell library contained the following spells:

 Spells                   Type           Power        Failure   Level  Hunger
 Magic Dart               Conj           #...         87%         1    ##.....
 Blink                    Tloc           N/A          95%         2    ###....
 Call Imp                 Summ           #.......     95%         2    ###....
 Slow                     Hex            #.......     95%         2    ###....
 Conjure Flame            Conj/Fire      #.......     99%         3    ####...
 Mephitic Cloud           Conj/Pois/Air  #.......     99%         3    ####...


Dungeon Overview and Level Annotations

Branches:
Dungeon (8/15)             Temple (1/1) D:4
   Lair: D:8-11

Altars:
Cheibriados
Elyvilon
Fedhas
Hepliaklqana
Kikubaaqudgha
Makhleb
Nemelex Xobeh
Okawaru
Qazlal
Ru
Trog
Uskayaw
Vehumet
Wu Jian
Xom
Yredelemnul

Shops:
D:6 (

Annotations:
D:4 exclusions: downstairs and upstairs
D:5 exclusion: 2 downstairs
D:6 Blork the orc
D:7 exclusion: door
D:8 Grum


Innate Abilities, Weirdness & Mutations

You have a pair of small antennae on your head.
You are partially covered in thin metallic scales. (AC +2)
You regenerate a little health from kills.
You are partially covered in sharp spines.


Message History

Your shield and ring mail of the Sun prevent you from hitting Grum.
Grum is moderately wounded.
Grum hits you with a -1 halberd of venom!!
Your shield prevents you from hitting Grum.
Grum is moderately wounded.
Grum is struck by your spines.
Grum hits you with a -1 halberd of venom!
* * * LOW HITPOINT WARNING * * *
You are poisoned.
You feel very mighty all of a sudden.
You feel sick.
Grum points his finger and growls, "Attack!"
Grum hits you with a -1 halberd of venom!
* * * LOW HITPOINT WARNING * * *
You are more poisoned.
It was a potion of cancellation.
Your magical effects are unravelling.
You feel magically purged.
You feel a little less mighty now.
You die...

#... #...#
#####...########
..[............#
..............#
##
..............#
h#
#.#....###.###
h# #.#....# #.#
.# #.#....# #@#
h# #.#....#
#g#####.#<#...
####.#....#
#....)........
####.........#
###########...
#.......#...##
#.#.......### #
#..##.#.#
#>#.....#.##
#.#..#......


You could see Grum.

Vanquished Creatures
  A hippogriff (D:4)
  2 humans (D:8)
  A wyvern (D:8)
  Edmund (D:5)
  Duvessa (D:5)
  3 orc warriors (D:6)
  2 ice beasts
  3 sky beasts
  3 wolves (D:8)
  An ogre (D:5)
  A centaur (D:6)
  2 bullfrogs
  Dowan (D:5)
  2 scorpions
  2 howler monkeys (D:7)
  3 crimson imps
  3 hounds
  3 jellies
  6 orc priests
  9 orc wizards
  2 iguanas
  5 worker ants
  A killer bee zombie (D:7)
  Robin (D:4)
  4 gnolls (D:4)
  8 adders
  A shadow imp (D:6)
  An ooze (D:2)
  5 worms
  4 dart slugs
  2 leopard geckos
  30 orcs
  11 bats
  3 giant cockroaches
  16 goblins
  16 hobgoblins
  6 jackals
  4 kobolds
  6 quokkas
  3 ball pythons
  5 frilled lizards
  A leopard gecko zombie (D:5)
  A quokka zombie (D:6)
  14 rats
200 creatures vanquished.

Notes
Turn   | Place    | Note
-------+----------+-------------------------------------------
     0 | D:1      | Prevert the Demonspawn Fighter began the quest for the Orb.
     0 | D:1      | Reached XP level 1. HP: 18/18 MP: 1/1
   130 | D:1      | Gained mutation: You are partially covered in sharp spines.
                  | [demonic ancestry]
   130 | D:1      | Reached XP level 2. HP: 22/24 MP: 2/2
   298 | D:1      | Reached skill level 2 in Axes
   545 | D:1      | Reached XP level 3. HP: 29/29 MP: 3/3
  1394 | D:2      | Noticed a moth of wrath
  1397 | D:2      | Found a bloodstained altar of Trog.
  1419 | D:2      | Gained mutation: You regenerate a little health from kills.
                  | [demonic ancestry]
  1419 | D:2      | Reached XP level 4. HP: 32/35 MP: 4/4
  1980 | D:3      | Reached skill level 3 in Axes
  2145 | D:3      | Found an ancient bone altar of Kikubaaqudgha.
  2518 | D:3      | Found a shimmering altar of Xom.
  2520 | D:3      | Noticed an orc warrior
  2561 | D:3      | Reached XP level 5. HP: 9/41 MP: 5/5
  2832 | D:3      | Reached skill level 4 in Axes
  3185 | D:4      | Gained mutation: You are partially covered in thin metallic
                  | scales. (AC +2) [demonic ancestry]
  3185 | D:4      | Reached XP level 6. HP: 48/48 MP: 6/6
  3412 | D:4      | Found a staircase to the Ecumenical Temple.
  3426 | Temple   | Entered the Ecumenical Temple
  3546 | Temple   | Became a worshipper of Makhleb the Destroyer
  3917 | D:4      | Noticed a hippogriff
  3932 | D:4      | Killed a hippogriff
  3932 | D:4      | Reached skill level 5 in Axes
  3932 | D:4      | Gained mutation: You have a pair of small antennae on your
                  | head. [demonic ancestry]
  3932 | D:4      | Reached XP level 7. HP: 17/54 MP: 7/7
  4341 | D:4      | Noticed Robin
  4361 | D:4      | Reached * piety under Makhleb
  4375 | D:4      | Killed Robin
  4432 | D:4      | Found a sacrificial altar of Ru.
  4433 | D:4      | Found a basalt altar of Yredelemnul.
  4877 | D:5      | Entered Level 5 of the Dungeon
  5264 | D:5      | Noticed Dowan
  5264 | D:5      | Noticed Duvessa
  5272 | D:4      | Reached skill level 6 in Axes
  5341 | D:5      | Killed Dowan
  5345 | D:5      | Killed Duvessa
  5345 | D:5      | Reached XP level 8. HP: 9/61 MP: 8/8
  5562 | D:5      | Got an ancient ring mail
  5791 | D:5      | Found an iron altar of Okawaru.
  5858 | D:5      | Reached skill level 5 in Armour
  6102 | D:6      | Reached skill level 7 in Axes
  6130 | D:6      | Found a snail-covered altar of Cheibriados.
  6155 | D:6      | Noticed Edmund
  6172 | D:5      | Killed Edmund
  6559 | D:6      | Reached ** piety under Makhleb
  6559 | D:6      | Reached skill level 5 in Shields
  6712 | D:6      | Found Ruosuogo's Weapon Boutique.
  6918 | D:6      | Reached skill level 8 in Axes
  6918 | D:6      | Reached XP level 9. HP: 38/66 MP: 9/9
  7135 | D:6      | Noticed Blork the orc
  8082 | D:7      | Found a blossoming altar of Fedhas.
  8583 | D:8      | Got a polished spear
  8599 | D:8      | Identified the +3 ring mail of the Sun {rElec rPois rN+}
                  | (You found it on level 5 of the Dungeon)
  8610 | D:8      | Found an iron altar of Okawaru.
  8625 | D:8      | Reached skill level 9 in Axes
  8819 | D:8      | Noticed Grum
  8830 | D:8      | Reached *** piety under Makhleb
  8835 | D:8      | HP: 1/66 [Grum/-1 halberd of venom (8)]
  8836 | D:8      | Succumbed to Grum's poison

Vault maps used:
D:1:      shiori_arrival_oz, serial_forest, infiniplex_forest_clump_double,
          infiniplex_forest_clump_curved, infiniplex_forest_straight_3,
          infiniplex_forest_pool, infiniplex_forest_end_2,
          infiniplex_forest_lined_2, infiniplex_forest_end_1
D:2:      tgw_trog
D:3:      xom_teletrap_fun, nicolae_overflow_hidden_temple, first_ration,
          kennysheep_nub, serial_bayou_crossing
D:4:      gammafunk_temple_overflow_wave, minmay_temple_entry_grid, uniq_robin
D:5:      kennysheep_little_box, uniq_duvessa
D:6:      tgw_sif, cheibriados_altar_1, serial_shops, kennysheep_mini,
          minmay_liquid_box, uniq_edmund
D:7:      old_standard_altar, abandoned_shop, grunt_livestock, item_on_display_a
D:8:      grunt_temple_overflow_open, serial_park_tiny_2, okawaru_humans,
          uniq_joseph, uniq_erica, uniq_grum
Temple:   nicolae_temple_figure_zero

Skill      XL: |  1  2  3  4  5  6  7  8  9 |
---------------+----------------------------+-----
Shields        | 3 4 5 6 |  6.2
Axes           | 2 3 4 5 6 8 9 |  9.6
Armour         | 3 4 5 6 |  6.6
Fighting       | 4 |  4.3
Throwing       | |  0.3
Evocations     | |  0.1

Action                   |  1- 3 |  4- 6 |  7- 9 || total
-------------------------+-------+-------+-------++-------
Melee: War axe           |   123 |   139 |   402 ||   664
Throw: Tomahawk          |       |       |    14 ||    14
Evoke: Wand              |       |       |     1 ||     1
  Use: Potion            |       |       |     4 ||     4
  Eat: Chunk             |     2 |     8 |    16 ||    26
Armor: Scale mail        |    61 |    58 |   103 ||   222
       Ring mail         |       |       |    16 ||    16
Dodge: Dodged            |    42 |    49 |    88 ||   179
Block: Shield            |    52 |    60 |   203 ||   315

Table legend:
 A = Non-vault XP
 B = Vault XP
 C = Vault XP percentage of total XP
 D = Non-vault monster count
 E = Vault monster count
 F = Vault count percentage of total count
                 A         B        C        D         E       F
            +---------+---------+-------+---------+---------+-------
      Total |    3849 |    1196 |  23.7 |     172 |      28 |  14.0
            +---------+---------+-------+---------+---------+-------
        D:1 |      37 |       4 |   9.8 |      23 |       2 |   8.0
        D:2 |      53 |      17 |  24.3 |      24 |       5 |  17.2
        D:3 |     255 |       0 |   0.0 |      27 |       0 |   0.0
        D:4 |     778 |      38 |   4.7 |      33 |      13 |  28.3
        D:5 |     531 |     377 |  41.5 |      10 |       3 |  23.1
        D:6 |     988 |       0 |   0.0 |      28 |       0 |   0.0
        D:7 |     808 |       0 |   0.0 |      19 |       0 |   0.0
        D:8 |     399 |     760 |  65.6 |       8 |       5 |  38.5
            +---------+---------+-------+---------+---------+-------
